Map: Dusk Towers

Players

Desolation - Winner!

  • Race: Protoss Protoss
  • League: Diamond

Grim

  • Race: Terran Terran
  • League: Platinum

Event: Gauntlet LotV Series 1 Qualifier 2

VOD

Have the link to the VOD?

Description

Time

  • Played on: Dec. 5, 2015, 1:22 p.m.
  • Length: 5:36

All games in this series

Show
View Real Time Build Order
Export as new Build Order

Desolation Protoss - Winner!

Build Orders:  

Get SALT Encoding   

  12  0:02  Probe (Chrono Boost)  
  13  0:12  Probe (Chrono Boost)  
  14  0:20  Pylon  
  14  0:23  Probe (Chrono Boost)  
  15  0:38  Probe (Chrono Boost)  
  15  0:39  Gateway  
  16  0:44  Assimilator  
  16  0:49  Probe (Chrono Boost)  
  17  0:59  Probe (Chrono Boost)  
  18  1:10  Probe (Chrono Boost)  
  19  1:14  Pylon  
  19  1:15  Assimilator  
  19  1:20  Probe (Chrono Boost)  
  20  1:26  Cybernetics Core  
  20  1:31  Probe (Chrono Boost)  
  20  1:32  Zealot  
  23  1:42  Probe (Chrono Boost)  
  24  1:48  Gateway  
  24  1:55  Probe (Chrono Boost)  
  25  2:03  Warp Gate (Chrono Boost)  
  25  2:06  Mothership Core (Chrono Boost)  
  27  2:12  Gateway  
  27  2:25  Probe  
  27  2:29  Gateway  
  28  2:42  Pylon  
  28  2:45  Pylon  
  28  2:46  Probe  
  28  2:50  Adept  
  31  3:00  Probe, Adept  
  34  3:12  Probe  
  35  3:16  Gateway  
  35  3:33  Pylon  
  34  4:04  Adept x3  
  34  4:05  Adept  
  38  4:27  Adept  
  36  4:36  Zealot x2  
  38  4:45  Adept x2  
  34  4:55  Zealot  
  34  5:05  Adept x2  
  34  5:06  Pylon  
  34  5:08  Pylon  
  34  5:14  Stalker  
  34  5:15  Stalker  
  38  5:26  Adept x3  
Show
View Real Time Build Order
Export as new Build Order

Grim Terran 

Build Orders:  

Get SALT Encoding   

  12  0:00  SCV  
  13  0:13  SCV  
  14  0:23  Supply Depot  
  14  0:25  SCV  
  15  0:38  Refinery  
  15  0:45  SCV  
  15  0:46  Barracks  
  16  0:57  SCV  
  17  1:07  Barracks  
  17  1:15  SCV  
  17  1:16  Supply Depot  
  18  1:27  SCV  
  19  1:37  Barracks  
  19  1:39  SCV  
  20  1:42  Marine  
  21  1:51  SCV  
  21  1:53  Barracks Tech Lab  
  22  2:00  Marine  
  23  2:04  Supply Depot  
  23  2:05  SCV  
  24  2:12  Stimpack  
  24  2:18  Marauder  
  26  2:24  Barracks Tech Lab  
  26  2:30  Engineering Bay  
  26  2:32  SCV  
  27  2:40  Marauder  
  29  2:45  Marauder  
  29  2:47  Marine  
  32  2:51  SCV  
  33  3:05  Terran Infantry Weapons Level 1  
  33  3:06  Marine  
  33  3:07  Marine  
  33  3:08  Marine  
  36  3:14  Supply Depot  
  36  3:19  Refinery  
  36  3:27  Marine  
  36  3:32  Orbital Command  
  37  3:38  Supply Depot  
  34  4:03  Marauder x2  
  38  4:12  Concussive Shells  
  32  4:24  Marauder  
  25  4:53  Marine x3  
  23  5:11  Marine x3  
  21  5:20  Bunker  
Tags
 
Add a new tag
Caveats
  • Supply blocks, unpowered buildings, or Contaminate may cause inaccurate times.
  • Supply counts are checked every 10 seconds.